Map: 10000 Feet LE

Players

Classic - Winner!

  • Race: Protoss Protoss

Clem

  • Race: Terran Terran

VOD

Have the link to the VOD?

Description

Time

  • Played on: Jan. 17, 2026, 2:25 a.m.
  • Length: 19:35
Show
View Real Time Build Order
Export as new Build Order

Classic Protoss - Winner!

Build Orders: 1 Gate Expand, Blink Stalkers, Zealot Archon, Dark Templar Rush 

Get SALT Encoding   

  12  0:00  Probe  
  13  0:12  Probe  
  14  0:19  Pylon  
  14  0:24  Probe  
  15  0:33  Probe  
  15  0:40  Gateway  
  15  0:41  Probe  
  16  0:48  Assimilator  
  17  0:51  Probe  
  18  1:03  Probe  
  19  1:15  Probe  
  20  1:25  Nexus  
  20  1:35  Cybernetics Core  
  20  1:38  Probe  
  21  1:43  Assimilator  
  21  1:50  Probe  
  21  1:53  Pylon  
  22  2:01  Adept  
  22  2:02  Probe  
  23  2:11  Warp Gate  
  23  2:14  Probe  
  26  2:21  Twilight Council  
  26  2:26  Probe  
  27  2:31  Adept  
  27  2:33  Probe  
  27  2:34  Probe  
  30  2:41  Probe  
  30  2:42  Probe  
  31  2:51  Probe  
  33  2:52  Probe  
  35  2:58  Dark Shrine  
  35  3:03  Probe  
  35  3:05  Probe  
  37  3:09  Gateway  
  37  3:15  Probe  
  37  3:17  Probe, Blink  
  39  3:22  Pylon  
  39  3:24  Stalker  
  39  3:29  Probe  
  39  3:31  Probe  
  43  3:34  Assimilator  
  43  3:39  Pylon  
  43  3:41  Probe  
  44  3:43  Probe  
  45  3:48  Gateway  
  45  3:53  Probe  
  45  3:55  Probe, Assimilator  
  47  4:05  Probe  
  47  4:07  Probe  
  49  4:11  Dark Templar x2  
  49  4:12  Pylon  
  53  4:17  Probe  
  53  4:19  Probe  
  53  4:20  Robotics Facility  
  52  4:43  Nexus  
  52  4:52  Probe x2  
  52  4:56  Templar Archives  
  52  4:57  Warp Prism  
  52  5:02  Pylon  
  52  5:04  Probe x2  
  52  5:05  Dark Templar  
  56  5:11  Stalker  
  60  5:15  Psionic Storm  
  60  5:19  Probe x2  
  62  5:21  Charge  
  62  5:22  Gateway  
  62  5:27  Shield Battery  
  62  5:29  Shield Battery  
  62  5:37  Probe  
  62  5:38  Probe  
  64  5:43  High Templar  
  64  5:45  Gateway  
  64  5:49  Probe  
  67  5:51  Gateway  
  67  5:56  Observer  
  67  5:57  Probe  
  68  5:58  Gateway  
  68  6:00  Probe  
  68  6:01  Probe  
  71  6:05  Probe  
  72  6:15  Probe, Archon  
  72  6:16  Probe x2  
  75  6:19  Pylon  
  75  6:20  Gateway  
  75  6:21  High Templar x2  
  79  6:27  Probe  
  79  6:28  Assimilator, Probe x2  
  79  6:29  Assimilator  
  80  6:45  High Templar x2, Zealot x2  
  88  6:49  Forge  
  88  6:52  Pylon  
  86  6:55  Stalker x2  
  83  7:03  Protoss Ground Weapons Level 1  
  83  7:07  Probe x3  
  78  7:13  Zealot x3  
  84  7:18  Nexus  
  84  7:19  Probe x3  
  84  7:21  Pylon  
  87  7:27  Zealot x3  
  93  7:35  Zealot x3  
  96  7:38  Archon  
  96  7:39  Zealot  
  97  7:47  Immortal  
  93  7:55  High Templar x2  
  93  7:56  Zealot x4  
  105  8:02  Pylon  
  105  8:04  Probe x3, Pylon  
  108  8:06  Pylon  
  108  8:17  Pylon  
  108  8:19  Robotics Bay  
  108  8:23  Zealot x2  
  108  8:24  High Templar  
  114  8:27  Robotics Facility  
  114  8:31  Stalker x2  
  116  8:34  Forge  
  116  8:35  Observer, Stalker x2  
  115  8:44  Probe x4  
  119  8:51  High Templar, Zealot  
  123  8:56  Probe x4  
  123  8:58  Zealot x3  
  133  9:06  High Templar x2  
  141  9:18  Protoss Ground Weapons Level 2  
  141  9:20  Zealot x4  
  150  9:30  Protoss Ground Armor Level 1, Archon  
  150  9:32  Zealot  
  150  9:37  Gateway  
  150  9:38  Gateway  
  140  9:44  Probe x3  
  133  9:47  Robotics Facility  
  133  9:48  Robotics Facility  
  133  9:58  Pylon  
  133  9:59  High Templar  
  135  10:00  High Templar, Stalker x5  
  145  10:10  Assimilator  
  145  10:11  Assimilator  
  145  10:14  Gravitic Drive  
  137  10:16  Pylon  
  137  10:19  Nexus  
  137  10:21  Pylon  
  137  10:26  High Templar x2, Zealot x3  
  137  10:27  Probe x2  
  145  10:44  Zealot x2  
  145  10:46  Zealot  
  145  10:47  Zealot x3  
  154  10:51  Archon  
  150  10:58  Pylon  
  150  10:59  Pylon  
  150  11:02  Stalker x2  
  154  11:11  Stalker x4  
  154  11:13  Nexus  
  154  11:14  Colossus x2, Pylon  
  145  11:27  Zealot  
  153  11:37  Dark Templar  
  155  11:41  Pylon  
  155  11:42  Stalker  
  155  11:45  Protoss Ground Weapons Level 3  
  157  11:48  Extended Thermal Lance  
  157  11:50  Stalker x3, Protoss Ground Armor Level 2, Pylon  
  157  11:52  Probe x5  
  157  11:53  Pylon  
  168  11:55  Colossus x2  
  168  12:00  Pylon  
  168  12:04  Probe  
  179  12:20  Gateway  
  179  12:21  Gateway  
  179  12:22  Gateway x2, High Templar x2  
  181  12:27  Observer  
  181  12:29  Probe x5  
  188  12:30  Probe  
  188  12:31  Sentry  
  191  12:40  Warp Prism  
  191  12:48  High Templar  
  191  12:49  Pylon  
  191  12:50  Probe  
  196  12:55  Nexus  
  196  12:57  Pylon  
  196  13:04  High Templar x2  
  200  13:06  Nexus  
  200  13:08  Archon  
  200  13:15  Gateway  
  200  13:17  Gateway  
  200  13:18  Gateway  
  200  13:23  Photon Cannon  
  200  13:24  Shield Battery  
  162  13:52  Observer, Stalker x3  
  162  13:53  Stalker x5, Zealot x5, Observer  
  178  14:12  Zealot x3  
  178  14:14  Zealot  
  178  14:15  Zealot x5  
  178  14:16  Zealot x3  
  200  14:19  Protoss Ground Armor Level 3  
  196  14:43  Observer  
  192  14:45  Zealot x2  
  192  14:46  Zealot x2  
  192  14:49  Nexus  
  200  14:53  Pylon  
  185  15:12  Zealot x5, High Templar  
  185  15:13  Zealot  
  173  15:24  Archon  
  173  15:28  Archon  
  165  15:33  Zealot x6  
  165  15:35  Robotics Facility  
  177  15:36  Zealot x9  
  177  15:41  Photon Cannon  
  195  15:42  Photon Cannon  
  195  15:45  Photon Cannon  
  195  15:47  Shield Battery  
  195  15:52  Dark Templar  
  195  15:56  Dark Templar  
  196  16:03  Colossus x2, Archon  
  173  16:05  Zealot x6  
  173  16:06  Zealot x9  
  179  16:12  Colossus  
  179  16:16  Archon  
  135  16:33  Protoss Shields Level 1  
  135  16:35  High Templar x2, Zealot x8  
  135  16:36  Zealot x6  
  163  16:42  Probe  
  162  16:50  Probe  
  162  16:57  High Templar x2  
  162  16:58  Zealot x10, Stalker  
  162  16:59  Stalker  
  162  17:00  Probe  
  191  17:03  Colossus  
  191  17:05  Warp Prism  
  179  18:07  High Templar x3  
  179  18:08  High Templar  
  187  18:13  Stalker x4, Observer  
  187  18:19  Warp Prism  
  168  18:43  High Templar  
  168  18:44  Zealot x8  
  168  18:45  Zealot x7  
  182  19:04  Stargate  
  182  19:06  Zealot x13  
  182  19:07  Zealot x2  
  182  19:09  Archon x2  
  196  19:11  Archon  
  196  19:15  Archon  
  165  19:27  Zealot x16  
Show
View Real Time Build Order
Export as new Build Order

Clem Terran 

Build Orders:  

Get SALT Encoding   

  12  0:00  SCV  
  13  0:12  SCV  
  14  0:16  Supply Depot  
  14  0:24  SCV  
  15  0:38  SCV  
  15  0:39  Barracks  
  16  0:43  Refinery  
  16  0:50  SCV  
  17  1:02  SCV  
  18  1:14  SCV  
  19  1:27  Orbital Command  
  20  1:38  Command Center  
  19  1:41  Marine  
  20  1:54  Factory  
  20  1:57  SCV  
  21  2:04  Barracks Reactor  
  21  2:08  Bunker  
  21  2:11  SCV  
  22  2:17  Supply Depot  
  22  2:23  SCV  
  22  2:25  Refinery  
  23  2:38  SCV  
  23  2:39  Starport  
  24  2:48  Widow Mine  
  24  2:49  Orbital Command  
  26  2:53  SCV  
  26  2:56  Marine  
  26  2:58  Marine  
  29  3:05  SCV  
  29  3:10  Widow Mine  
  32  3:14  Marine  
  32  3:15  SCV  
  32  3:16  Marine  
  32  3:18  Medivac  
  37  3:22  SCV  
  39  3:27  SCV  
  39  3:28  Supply Depot  
  39  3:31  Widow Mine  
  39  3:34  SCV, Marine  
  42  3:36  Marine  
  42  3:39  SCV  
  45  3:43  Barracks  
  45  3:46  SCV  
  46  3:51  SCV  
  46  3:52  Supply Depot  
  46  3:54  Factory Tech Lab, Starport Tech Lab  
  47  3:58  SCV  
  47  3:59  Marine  
  47  4:00  Marine  
  50  4:05  Supply Depot  
  50  4:08  SCV  
  51  4:10  SCV  
  51  4:12  Raven  
  51  4:16  Siege Tank  
  57  4:17  Marine  
  57  4:18  Marine  
  57  4:20  SCV  
  60  4:26  SCV  
  60  4:29  Refinery  
  61  4:32  SCV  
  61  4:37  Barracks  
  61  4:38  SCV  
  59  4:39  Engineering Bay  
  59  4:40  Marine  
  59  4:44  SCV  
  57  4:46  Marine, Viking  
  57  4:53  SCV  
  57  4:56  SCV  
  59  5:06  SCV  
  60  5:08  Stimpack, Supply Depot  
  60  5:09  SCV  
  60  5:10  Marine  
  60  5:11  Marine  
  60  5:13  Marine  
  64  5:18  SCV  
  65  5:21  Terran Infantry Weapons Level 1, Supply Depot  
  65  5:24  SCV  
  66  5:30  Refinery, SCV  
  66  5:32  Marine x2, Supply Depot  
  66  5:33  Starport Reactor  
  69  5:36  SCV, Marine  
  69  5:40  Combat Shield  
  69  5:41  Marine  
  72  5:45  SCV  
  72  5:46  Supply Depot  
  72  5:48  SCV  
  72  5:49  Marine x2  
  74  5:53  Factory Reactor  
  74  5:55  Supply Depot  
  74  5:56  Marauder  
  78  6:04  Supply Depot  
  78  6:05  Marauder  
  78  6:07  Marine x2  
  82  6:12  Medivac  
  82  6:14  Medivac  
  82  6:16  Supply Depot  
  86  6:19  Marauder  
  86  6:23  Supply Depot  
  88  6:26  Marine x2  
  88  6:29  SCV x2  
  88  6:30  Widow Mine x2  
  88  6:32  Marauder  
  96  6:41  SCV x2  
  96  6:43  Marauder  
  99  6:49  Marine x2  
  99  6:53  SCV  
  100  6:55  Marauder  
  100  6:58  Widow Mine x2  
  104  7:04  Marauder  
  99  7:08  Command Center  
  99  7:09  Supply Depot, Marine x2  
  99  7:11  SCV  
  100  7:16  Medivac  
  100  7:17  Medivac  
  100  7:18  Terran Infantry Armor Level 1  
  108  7:23  Widow Mine x2, Marauder  
  110  7:30  Marine x2  
  110  7:32  Marauder  
  114  7:39  Barracks  
  114  7:41  Barracks  
  114  7:47  Widow Mine x2, Marauder  
  114  7:48  Marine x2  
  114  7:49  SCV x2  
  117  7:53  Medivac  
  117  7:56  Marauder  
  117  8:01  SCV  
  117  8:02  Supply Depot  
  117  8:03  SCV  
  119  8:07  Ghost Academy  
  119  8:09  Marauder  
  119  8:11  Marine x2  
  123  8:18  Marauder  
  123  8:19  SCV  
  126  8:26  Medivac x2  
  130  8:28  SCV  
  130  8:30  Marine, Marauder  
  133  8:38  SCV  
  133  8:39  Barracks Tech Lab  
  132  8:42  Marine, SCV  
  132  8:43  Marauder  
  132  8:47  Supply Depot  
  137  8:50  Orbital Command  
  137  8:51  SCV  
  137  8:53  Marine  
  137  8:55  SCV, Marauder  
  141  8:58  Marauder, Supply Depot  
  141  8:59  Barracks Tech Lab  
  141  9:01  Medivac x2  
  147  9:03  Marine, SCV  
  147  9:04  Ghost  
  147  9:07  Supply Depot  
  149  9:13  Refinery, SCV  
  149  9:14  Refinery  
  149  9:15  Marine  
  149  9:16  Ghost, SCV  
  154  9:17  SCV  
  154  9:19  Ghost  
  154  9:22  Marine  
  152  9:27  Ghost  
  153  9:32  SCV x3  
  153  9:34  Marine  
  155  9:44  SCV x2, Armory  
  155  9:45  Engineering Bay  
  124  9:46  Ghost, Marine  
  124  9:48  Marauder  
  124  9:49  Marauder  
  131  9:55  Marine  
  131  9:57  Marauder  
  134  10:00  Command Center  
  134  10:04  Concussive Shells  
  132  10:10  Marauder x2  
  132  10:11  Viking x2  
  132  10:14  Marine x2  
  140  10:18  Factory Reactor  
  140  10:20  Marauder  
  140  10:21  Starport  
  144  10:22  Sensor Tower  
  144  10:23  Supply Depot  
  144  10:26  Marauder  
  146  10:29  Bunker  
  146  10:31  Marauder  
  146  10:32  Marauder  
  146  10:34  Marine  
  151  10:41  Marauder  
  151  10:43  Marine  
  151  10:45  Medivac  
  151  10:47  Ghost  
  156  10:51  Medivac  
  156  10:52  Marine, Marauder  
  156  10:54  Marauder  
  155  11:03  Terran Infantry Weapons Level 2  
  151  11:06  Marine  
  151  11:07  Marauder  
  151  11:08  Barracks  
  151  11:09  Barracks  
  151  11:10  Barracks  
  151  11:11  SCV  
  155  11:13  Marine  
  155  11:14  Marauder  
  155  11:16  Marauder  
  155  11:17  Refinery  
  158  11:19  Marauder  
  158  11:20  Refinery  
  158  11:24  Medivac  
  158  11:25  Marine  
  149  11:29  Marauder, SCV  
  149  11:32  Marine  
  145  11:34  Ghost  
  145  11:37  Viking  
  145  11:42  Terran Infantry Armor Level 2  
  145  11:43  Marine  
  145  11:45  Marauder  
  148  11:47  SCV  
  148  11:48  SCV  
  148  11:50  Marine  
  148  11:53  Terran Ship Weapons Level 1  
  151  11:56  Marauder x2  
  151  11:59  Planetary Fortress  
  151  12:00  SCV  
  156  12:04  Marine  
  156  12:05  Marauder  
  156  12:06  Sensor Tower  
  156  12:10  SCV x2  
  156  12:12  Missile Turret  
  156  12:13  SCV  
  157  12:17  Marauder  
  157  12:22  Viking x3  
  165  12:24  SCV  
  165  12:25  SCV  
  165  12:26  SCV  
  168  12:30  Viking  
  168  12:33  Personal Cloaking  
  168  12:35  Barracks Tech Lab  
  168  12:36  Barracks Tech Lab x2  
  170  12:37  Barracks Reactor  
  170  12:40  Missile Turret, Marauder  
  170  12:42  Marine  
  173  12:44  Marauder  
  173  12:48  Missile Turret  
  173  12:49  Ghost  
  173  12:50  Marauder  
  179  12:52  Sensor Tower  
  179  12:55  Viking  
  181  13:00  Viking  
  181  13:01  Viking, Marauder  
  187  13:08  Marauder  
  187  13:10  Command Center, Ghost  
  187  13:12  Viking  
  193  13:17  Marine  
  194  13:21  Terran Infantry Weapons Level 3  
  194  13:25  Missile Turret  
  194  13:32  Command Center  
  194  13:34  Fusion Core  
  194  13:37  Sensor Tower  
  194  13:38  Ghost, Missile Turret  
  188  13:41  Viking  
  188  13:42  Marauder, Marine  
  188  13:44  Marauder  
  186  13:50  Marauder  
  186  13:51  Marine x2  
  186  13:53  Marauder  
  192  13:57  Terran Ship Weapons Level 2  
  192  14:00  SCV  
  192  14:01  Marauder  
  195  14:04  Marauder, Marine  
  190  14:10  Marauder  
  190  14:12  Terran Infantry Armor Level 3  
  190  14:16  Ghost  
  192  14:20  Marine x2  
  192  14:21  Marine  
  192  14:23  Ghost  
  197  14:25  Marine  
  197  14:28  Ghost  
  200  14:34  Orbital Command  
  200  14:37  Ghost  
  197  14:41  Ghost  
  197  14:44  Caduceus Reactor  
  196  15:02  Ghost  
  196  15:03  Ghost  
  196  15:05  Ghost  
  190  15:10  Marauder x2  
  190  15:12  Marine  
  190  15:13  Ghost  
  193  15:14  Marine  
  193  15:15  Marine x2  
  186  15:30  Marine  
  186  15:31  Ghost, Marine x2  
  186  15:32  Marine  
  186  15:33  Marauder  
  194  15:36  Marauder  
  194  15:37  Marine x2  
  194  15:40  Medivac  
  200  16:03  Ghost  
  200  16:04  Ghost x2  
  174  16:06  Marauder  
  174  16:07  Medivac  
  174  16:09  Marauder  
  162  16:12  Marine x2  
  162  16:15  Marine  
  162  16:16  Medivac, Marine  
  162  16:17  SCV x4  
  130  16:27  Marauder  
  130  16:29  Marine x2  
  130  16:30  Marauder  
  130  16:31  Marauder  
  130  16:32  Marauder  
  120  16:33  Marine x2, Marauder  
  120  16:34  Marine  
  122  16:46  SCV x3  
  125  16:47  Marine  
  125  16:49  Marauder, Refinery  
  125  16:50  Ghost  
  125  16:51  Viking  
  125  16:52  Viking  
  134  16:55  Marine  
  134  16:57  Marine x2  
  134  16:59  Ghost  
  134  17:00  Ghost  
  141  17:04  Ghost  
  141  17:08  Marauder  
  145  17:11  Marauder  
  145  17:12  Marine  
  145  17:14  Viking x2  
  152  17:16  Marine x2  
  152  17:21  Viking  
  156  17:23  Viking  
  156  17:27  Marine x3  
  157  17:30  Marauder  
  157  17:34  Marauder x2  
  157  17:35  Marauder  
  162  17:41  Marine  
  162  17:42  Marine  
  162  17:43  Viking  
  163  17:46  Marauder x2  
  163  17:47  Viking  
  166  17:51  Marauder  
  166  17:52  SCV  
  166  17:55  Marauder x2  
  166  17:56  Viking  
  173  18:00  Viking  
  173  18:04  Marauder  
  177  18:12  Marine  
  178  18:13  Viking  
  178  18:14  Planetary Fortress  
  178  18:19  Marauder  
  180  18:22  Marauder  
  180  18:26  Marauder  
  178  18:27  SCV  
  178  18:29  Marauder  
  173  18:41  Viking  
  174  18:56  Marauder  
  174  19:02  SCV  
  168  19:04  SCV  
Tags
 
Add a new tag
Caveats
  • Supply blocks, unpowered buildings, or Contaminate may cause inaccurate times.
  • Supply counts are checked every 10 seconds.